 Dungeon Crawl Stone Soup version 0.28-b1-1-g3c77fb2ed1 (webtiles) character file.

Game seed: 8265698121715420313

163 horus123 the Covered (level 5, 0/42 HPs)
             Began as a Human Fighter on Jan 29, 2022.
             Slain by Edmund (4 damage)
             ... on level 4 of the Dungeon.
             The game lasted 00:04:42 (3080 turns).

horus123 the Covered (Human Fighter)                Turns: 3080, Time: 00:04:43

Health: 0/42       AC: 12    Str: 18    XL:     5   Next: 72%
Magic:  5/5        EV:  6    Int:  8    God:
Gold:   120        SH:  4    Dex: 13    Spells: 4/4 levels left

rFire   + . .      SeeInvis .   a - +0 flail
rCold   + . .      Faith    .   c - +0 buckler
rNeg    . . .      Spirit   .   g - +0 chain mail
rPois   .          Reflect  .   (no helmet)
rElec   .          Harm     .   m - scarf {rC+ rF+}
rCorr   +          Rampage  .   e - +0 pair of gloves
Will    .....                   h - +0 pair of boots
Stlth   ..........              (no amulet)
HPRegen 0.14/turn               f - ring of resist corrosion
MPRegen 0.09/turn               (no ring)

@: mighty
A: no striking features
a: no special abilities


You were on level 4 of the Dungeon.
You visited 1 branch of the dungeon, and saw 4 of its levels.

You collected 120 gold pieces.

Inventory:

Hand Weapons
 a - a +0 flail (weapon)
Armour
 b - a +0 scale mail
 c - a +0 buckler (worn)
 e - a +0 pair of gloves (worn)
 g - a +0 chain mail (worn)
 h - a +0 pair of boots (worn)
 m - a scarf of resistance (worn)
Jewellery
 f - a ring of resist corrosion (left hand)
Scrolls
 k - a scroll of silence
 l - a scroll of identify
Potions
 i - a potion of mutation {unknown}
 j - a potion of magic
 o - a potion of haste {unknown}


   Skills:
 - Level 4.0 Fighting
 - Level 3.2 Maces & Flails
 + Level 4.6 Armour
 - Level 3.0 Shields


You had 4 spell levels left.
You didn't know any spells.
Your spell library contained the following spells:

 Spells                   Type           Power      Damage    Failure   Level
 Beastly Appendage        Tmut           0%         N/A       100%        1
 Freeze                   Ice            0%         1d3       100%        1
 Ensorcelled Hibernation  Hex/Ice        0%         N/A       100%        2
 Passwall                 Tmut/Erth      0%         N/A       100%        2
 Wereblood                Tmut           0%         N/A       100%        2
 Frozen Ramparts          Ice            0%         1d2       100%        3
 Spider Form              Tmut/Pois      0%         N/A       100%        3
 Swiftness                Air            0%         N/A       100%        3
 Hailstorm                Conj/Ice       0%         3d3       100%        4


Dungeon Overview and Level Annotations

Branches:
Dungeon (4/15)
 Temple: D:4-7

Altars:

Annotations:
D:4 Edmund, Menkaure


Message History

The quokka bites you but does no damage.
You hit the quokka.
You kill the quokka!
HP restored.
Things that are here:
a +0 dagger; a hobgoblin corpse No target in view!
No target in view!
Menkaure, Prince of Dust comes into view.
Menkaure shouts!
You hear a shout!
Menkaure gestures at you while chanting.
Pain shoots through your body!
Edmund the Younger comes into view.
He is wielding a +2 dire flail of protection.
Edmund shouts!
You thump Menkaure!
Menkaure is moderately damaged.
Menkaure calls on the powers of darkness!
Edmund convulses!
Your body is wracked with pain!
Menkaure gestures at you while chanting.
Pain shoots through your body!
Menkaure gestures wildly while chanting.
Menkaure seems to speed up.
Menkaure grins.
You feel very mighty all of a sudden.
You barely miss Edmund.
Edmund is heavily wounded.
Edmund hits you with a +2 dire flail of protection.
You block Edmund's attack.
You hit Edmund.
Edmund is heavily wounded.
Edmund hits you but does no damage.
You barely miss Edmund.
Edmund is heavily wounded.
Edmund hits you but does no damage.
You closely miss Edmund.
Edmund is heavily wounded.
Edmund hits you with a +2 dire flail of protection!
* * * LOW HITPOINT WARNING * * *
Edmund hits you with a +2 dire flail of protection.
You die...

#....## ##....#
#..##.###.....####
#############..###.#.####.....
###...............####.##
#.####
....##.###.#####...†.).# #.#
.......# #.# #.###...# #.#
#.###.# #.###...### #.#
#.....#####.#.......###.#
###......M@@............#
#########.........#####
#####...### #...# ##..# #..#
#..# #..#


You could see Edmund and Menkaure (fast).

Vanquished Creatures
  A hound (D:3)
  4 adders
  2 worms (D:2)
  2 dart slugs (D:3)
  2 orcs (D:3)
  7 ball pythons
  10 endoplasms
  A giant cockroach (D:1)
  7 goblins
  7 hobgoblins
  4 jackals (D:2)
  7 quokkas
  11 bats
  6 frilled lizards
  6 kobolds
  A quokka skeleton (D:4)
  4 rats
82 creatures vanquished.

Notes
Turn   | Place    | Note
-------+----------+-------------------------------------------
     0 | D:1      | horus123 the Human Fighter began the quest for the Orb.
     0 | D:1      | Reached XP level 1. HP: 18/18 MP: 1/1
    65 | D:1      | Reached XP level 2. HP: 17/24 MP: 2/2
   650 | D:1      | Reached XP level 3. HP: 26/30 MP: 3/3
   919 | D:1      | Found a faded altar of an unknown god.
  1398 | D:2      | Reached XP level 4. HP: 37/37 MP: 4/4
  2375 | D:3      | Reached XP level 5. HP: 42/42 MP: 5/5
  3063 | D:4      | Noticed Menkaure
  3064 | D:4      | Noticed Edmund
  3080 | D:4      | Slain by Edmund

Illustrated notes

Levels and vault maps discovered:
D:1:      giann_horns, layout_basic, ebering_ecumenical_altar_sacrificial
D:2:      layout_basic, minmay_joined_circles
D:3:      layout_basic, grunt_ministairs_9
D:4:      layout_loops_ring, hangedman_decor_lopped, uniq_menkaure, uniq_edmund,
          uniq_eustachio

Skill      XL: |  1  2  3  4  5 |
---------------+----------------+-----
Fighting       | 4 |  4.0
Maces & Flails | 3 |  3.2
Armour         | 4 |  4.6
Shields        | |  3.0

Action                   |  1- 3 |  4- 6 || total
-------------------------+-------+-------++-------
Melee: Flail             |   117 |   150 ||   267
  Use: Scroll            |     1 |     7 ||     8
       Potion            |       |     1 ||     1
Armor: Scale mail        |    25 |       ||    25
       Chain mail        |    67 |    98 ||   165
Dodge: Dodged            |    50 |    49 ||    99
Block: Buckler           |    31 |    37 ||    68
